 Dungeon Crawl Stone Soup version 0.23.2-33-g5129a83 (webtiles) character file.

Game seed: 8409256264773330128

135 rageheart7 the Slasher (level 5, 0/35 HPs)
             Began as a Halfling Gladiator on July 22, 2019.
             Was an Initiate of Ashenzari.
             Slain by a mummy (15 damage)
             ... on level 4 of the Dungeon.
             The game lasted 00:04:57 (2851 turns).

rageheart7 the Slasher (Halfling Gladiator)         Turns: 2851, Time: 00:04:58

Health: 0/35       AC:  6    Str: 16    XL:     5   Next: 42%
Magic:  5/5        EV: 14    Int: 11    God:    Ashenzari [......]
Gold:   141        SH:  0    Dex: 16    Spells: 4/4 levels left

rFire    . . .     SeeInvis .   b - +1 dagger (venom)
rCold    . . .     Gourm    .   (shield restricted)
rNeg     . . .     Faith    .   o - +0 ring mail
rPois    .         Spirit   .   c - +0 helmet
rElec    .         Reflect  .   (no cloak)
rCorr    .         Harm     .   (no gloves)
MR       .....                  (no boots)
Stlth    +.........             (no amulet)
HPRegen  0.11/turn              (no ring)
MPRegen  0.09/turn              (no ring)

@: brilliant
A: small, mutation resistance 1
a: Curse Item, Renounce Religion


You were on level 4 of the Dungeon.
You worshipped Ashenzari.
Ashenzari was noncommittal.
You were not hungry.

You visited 1 branch of the dungeon, and saw 4 of its levels.

You collected 141 gold pieces.

Inventory:

Hand Weapons
 a - a +0 hunting sling
 b - a +1 dagger of venom (weapon)
 e - a +0 long sword
Missiles
 d - 3 throwing nets (quivered)
 r - 7 javelins
Armour
 c - a +0 helmet (worn)
 n - a +0 leather armour
 o - a +0 ring mail (worn)
Jewellery
 v - an uncursed amulet of regeneration
 y - an uncursed ring of magical power
Scrolls
 k - a scroll of blinking
 t - 2 scrolls of identify
 w - a scroll of fear
 z - a scroll of amnesia
Potions
 h - a potion of lignification
 i - a potion of mutation
 l - a potion of berserk rage
 m - a potion of heal wounds {unknown}
 p - 2 potions of flight
 q - a potion of resistance {unknown}
 s - a potion of might {unknown}
 u - a potion of cancellation {unknown}
Comestibles
 f - 9 rations


   Skills:
 * Level 2.6 Fighting
 * Level 5.2 Long Blades
 - Level 2.0 Throwing
 - Level 3.2 Dodging


You had 4 spell levels left.
You didn't know any spells.
Your spell library was empty.

Dungeon Overview and Level Annotations

Branches:
Dungeon (4/15)             Temple (0/1) D:4

Altars:
Ashenzari
Gozag
Makhleb
Nemelex Xobeh
Ru
Zin

Portals:
Ossuary: D:4


Innate Abilities, Weirdness & Mutations

You are small and have problems with some larger weapons.
You are somewhat resistant to further mutation.


Message History

You are too injured to fight recklessly!
It was a potion of brilliance.
You feel clever all of a sudden.
A mummy is nearby!
You hit the mummy.
The mummy is heavily damaged.
You hit the mummy.
The mummy is heavily damaged.
The mummy misses you.
You hit the mummy but do no damage.
The mummy is heavily damaged.
You hit the mummy but do no damage.
The mummy is heavily damaged.
The mummy closely misses you.
You hit the mummy but do no damage.
The mummy is heavily damaged.
You hit the mummy but do no damage.
The mummy is heavily damaged.
The mummy hits you!
You die...

#............####****,*
#.###............,.#*,# #.#
#####.######*#$#*.# #.# #.#
#.##.## #.# #.#
#.#...###****** #.# #.#
#####...<...,,,,,,* #.# #.#
##.........###****,* ..#
##.###....#..#.....,,**,* ###
#?.......@M........,,,*,*
##..###+###.###+##*,,**,*
#...#*,##...##,**,,,**,*
#.#..###.....##*,,,,,,,*
#.##..#.......#,,,,,,,,*
*****#.#*#..###'###..#,***,**
*,,,,..##....##∩#*,..#,* *,*
*,***###......###,,*.#,* *,*
*,,,,,**##,....*,,**..,* *,*


You could see a mummy.

Vanquished Creatures
  A bullfrog skeleton (D:3)
  2 adders
  An ooze (D:1)
  2 worms
  A dart slug (D:3)
  A leopard gecko (D:3)
  6 giant cockroaches
  10 goblins
  9 hobgoblins
  4 jackals
  6 kobolds
  4 quokkas
  7 bats
  10 frilled lizards
  10 rats
74 creatures vanquished.

Notes
Turn   | Place    | Note
-------+----------+-------------------------------------------
     0 | D:1      | rageheart7 the Halfling Gladiator began the quest for the
                  | Orb.
     0 | D:1      | Reached XP level 1. HP: 14/14 MP: 1/1
    51 | D:1      | Reached XP level 2. HP: 19/19 MP: 2/2
   275 | D:1      | Reached XP level 3. HP: 22/24 MP: 3/3
   283 | D:1      | Reached skill level 4 in Long Blades
   905 | D:2      | Found a burning altar of Makhleb.
   907 | D:2      | Found a glowing silver altar of Zin.
   907 | D:2      | Noticed a cacodemon
   907 | D:2      | Noticed an angel
  1265 | D:2      | Reached XP level 4. HP: 29/29 MP: 4/4
  1512 | D:2      | Found a sparkling altar of Nemelex Xobeh.
  1796 | D:3      | Found an opulent altar of Gozag.
  2143 | D:3      | Reached skill level 5 in Long Blades
  2143 | D:3      | Reached XP level 5. HP: 14/35 MP: 5/5
  2419 | D:3      | Found a sacrificial altar of Ru.
  2420 | D:3      | Found a shattered altar of Ashenzari.
  2487 | D:3      | Became a worshipper of Ashenzari the Shackled
  2827 | D:4      | Found a sand-covered staircase.
  2851 | D:4      | Slain by a mummy

Skill      XL: |  1  2  3  4 |
---------------+-------------+-----
Fighting       | 2 |  2.6
Long Blades    | 4 5 |  5.2
Throwing       | |  2.0
Dodging        | |  3.2

Action                   |  1- 3 |  4- 6 || total
-------------------------+-------+-------++-------
Melee: Long sword        |    54 |       ||    54
       Dagger            |    42 |   135 ||   177
  Use: Scroll            |       |    10 ||    10
       Potion            |       |     1 ||     1
  Eat: Chunk             |     1 |     5 ||     6
Armor: Leather armour    |    14 |       ||    14
       Ring mail         |    14 |    34 ||    48
Dodge: Dodged            |    89 |    81 ||   170
       Rpst.: Long sword |    22 |       ||    22
